 Dungeon Crawl Stone Soup version 0.23-a0-704-g7fdf9c5 (webtiles) character file.

680 Lanoc the Shield-Bearer (level 7, -5/60 HPs)
             Began as a Gnoll Fighter on Jan 14, 2019.
             Slain by an ogre
             ... wielding a +0 giant club
              (16 damage)
             ... on level 5 of the Dungeon.
             The game lasted 00:08:51 (3754 turns).

Lanoc the Shield-Bearer (Gnoll Fighter)             Turns: 3754, Time: 00:08:52

Health: -5/60      AC:  7    Str: 22    XL:     7   Next: 60%
Magic:  10/10      EV: 11    Int: 11    God:
Gold:   82         SH:  0    Dex: 14    Spells: 11/11 levels left

rFire    + . .     SeeInvis .   t - +2 scythe (vamp)
rCold    + . .     Gourm    .   (shield currently unavailable)
rNeg     + . .     Faith    .   b - +0 scale mail
rPois    .         Spirit   .   (no helmet)
rElec    .         Reflect  .   o - scarf {rC+ rF+}
rCorr    .         Harm     .   (no gloves)
MR       .....                  (no boots)
Stlth    +.........             y - amulet of magic regeneration
HPRegen  0.20/turn              k - ring of positive energy
MPRegen  0.37/turn              D - +2 ring of strength

@: no status effects
A: distributed training, fangs 1, strong nose
a: no special abilities


You were on level 5 of the Dungeon.
You were very hungry.

You visited 1 branch of the dungeon, and saw 5 of its levels.

You collected 258 gold pieces.
You spent 176 gold pieces at shops.

Inventory:

Hand Weapons
 a - a +0 long sword
 t - a +2 vampiric scythe (weapon)
Missiles
 m - 111 arrows
 B - 22 sling bullets
Armour
 b - a +0 scale mail (worn)
 c - a +0 shield
 o - a scarf of resistance (worn)
 x - a +0 plate armour
Jewellery
 k - a ring of positive energy (left hand)
 y - an amulet of magic regeneration (around neck)
 D - a +2 ring of strength (right hand)
Wands
 J - a wand of random effects (10)
Scrolls
 e - 3 scrolls of amnesia {unknown}
 g - a scroll of teleportation {unknown}
 j - 5 scrolls of identify {unknown}
 l - 4 scrolls of fog {unknown}
 p - 3 scrolls of immolation {unknown}
 r - 2 scrolls of remove curse {unknown}
 u - 3 scrolls of enchant weapon {unknown}
 v - a scroll of blinking {unknown}
 E - 2 scrolls of enchant armour {unknown}
Potions
 d - a potion of might
 h - a potion of brilliance {unknown}
 i - 3 potions of degeneration {unknown}
 n - 2 potions of heal wounds {unknown}
 q - a potion of ambrosia {unknown}
 s - 2 potions of agility {unknown}
 w - a potion of lignification {unknown}
 z - 2 potions of haste {unknown}
 A - a potion of cancellation {unknown}
 C - a potion of flight {unknown}
 F - a potion of magic {unknown}
 G - a potion of berserk rage
 H - a potion of curing
 I - a potion of invisibility
Comestibles
 f - 6 rations


   Skills:
 + Level 7.0 Fighting
 + Level 2.5 Short Blades
 + Level 5.2 Long Blades
 + Level 2.5 Axes
 + Level 2.5 Maces & Flails
 + Level 2.5 Polearms
 + Level 2.5 Staves
 + Level 2.5 Slings
 + Level 2.5 Bows
 + Level 2.5 Crossbows
 + Level 2.5 Throwing
 + Level 7.0 Armour
 + Level 2.5 Dodging
 + Level 2.5 Stealth
 + Level 7.0 Shields
 + Level 2.5 Unarmed Combat
 + Level 2.5 Spellcasting
 + Level 2.0 Conjurations
 + Level 2.0 Hexes
 + Level 2.0 Charms
 + Level 2.0 Summonings
 + Level 2.0 Necromancy
 + Level 2.0 Translocations
 + Level 2.0 Transmutations
 + Level 2.0 Fire Magic
 + Level 2.0 Ice Magic
 + Level 2.0 Air Magic
 + Level 2.0 Earth Magic
 + Level 2.0 Poison Magic
 + Level 2.8 Invocations
 + Level 2.5 Evocations


You had 11 spell levels left.
You didn't know any spells.
Your spell library was empty.

Dungeon Overview and Level Annotations

Branches:
Dungeon (5/15)
 Temple: D:4-7

Altars:
Elyvilon
Gozag

Shops:
D:4 !

Annotations:
D:3 2 transporters, Lilu's ghost, amateur DECj


Innate Abilities, Weirdness & Mutations

Your experience applies equally to all skills.
You have very sharp teeth.
Your uncanny sense of smell can sniff out nearby items.


Message History

You slash the goblin!
You kill the goblin!
You slash the goblin!
You kill the goblin!
The ogre closely misses you.
You hit the ogre.
The ogre is lightly wounded.
The ogre closely misses you.
You slash the ogre!
The ogre is severely wounded.
The ogre hits you with a +0 giant club!!
You hit the ogre.
The ogre is almost dead.
The ogre closely misses you.
The ogre hits you with a +0 giant club!!
* * * LOW HITPOINT WARNING * * *
You barely miss the ogre.
The ogre is almost dead.
The ogre hits you with a +0 giant club!
You die...

#.##.###....................#
....................#......[#
......#..<..........##.....##
.........###......#####...##
####..........###.######.##
#####.#..####............##
.........# ##.###.######..#
....#.#^## #..g##.# #..#
.....#..# #.†gO@.# #(##
.##.#.### ##)##### #.#
.##.#.# #.g∆ #.# (##.#.#
###.. ### #.# ∆
....#.####.#..∆#.#########
##..#.#....#####.......#
......#.##...##..#####.#
##......##.#.##.## #.#
##..###.##......# #.#


You could see an ogre and 2 goblins.

Vanquished Creatures
  Sigmund (D:2)
  A centaur (D:5)
  A scorpion (D:5)
  A crimson imp (D:5)
  A gnoll shaman (D:4)
  An orc priest (D:4)
  2 iguanas
  3 orc wizards (D:4)
  2 worker ants
  3 gnolls (D:4)
  5 adders
  An ooze (D:2)
  A worm (D:4)
  A dart slug (D:3)
  3 leopard geckos
  5 orcs
  A ball python (D:4)
  5 bats
  2 giant cockroaches
  10 goblins
  6 hobgoblins
  4 jackals
  5 kobolds
  5 frilled lizards
  A quokka skeleton (D:4)
  5 rats
76 creatures vanquished.

Vanquished Creatures (others)
  A quokka (D:4)
1 creature vanquished.

Grand Total: 77 creatures vanquished

Notes
Turn   | Place    | Note
-------+----------+-------------------------------------------
     0 | D:1      | Lanoc the Gnoll Fighter began the quest for the Orb.
     0 | D:1      | Reached XP level 1. HP: 23/23 MP: 1/1
   260 | D:1      | Reached XP level 2. HP: 12/29 MP: 2/2
  1360 | D:2      | Reached XP level 3. HP: 35/35 MP: 3/3
  1432 | D:2      | Reached skill level 1 in Invocations
  1515 | D:2      | Found an opulent altar of Gozag.
  1555 | D:2      | Reached skill level 1 in Short Blades
  1555 | D:2      | Reached skill level 1 in Axes
  1555 | D:2      | Reached skill level 1 in Maces & Flails
  1555 | D:2      | Reached skill level 1 in Polearms
  1555 | D:2      | Reached skill level 1 in Staves
  1555 | D:2      | Reached skill level 1 in Slings
  1555 | D:2      | Reached skill level 1 in Bows
  1555 | D:2      | Reached skill level 1 in Crossbows
  1555 | D:2      | Reached skill level 1 in Throwing
  1555 | D:2      | Reached skill level 1 in Dodging
  1555 | D:2      | Reached skill level 1 in Stealth
  1555 | D:2      | Reached skill level 1 in Unarmed Combat
  1555 | D:2      | Reached skill level 1 in Spellcasting
  1555 | D:2      | Reached skill level 1 in Evocations
  1555 | D:2      | Reached XP level 4. HP: 40/41 MP: 5/5
  1599 | D:2      | Noticed Sigmund
  1614 | D:2      | Killed Sigmund
  1614 | D:2      | Reached skill level 1 in Conjurations
  1614 | D:2      | Reached skill level 1 in Hexes
  1614 | D:2      | Reached skill level 1 in Charms
  1614 | D:2      | Reached skill level 1 in Summonings
  1614 | D:2      | Reached skill level 1 in Necromancy
  1614 | D:2      | Reached skill level 1 in Translocations
  1614 | D:2      | Reached skill level 1 in Transmutations
  1614 | D:2      | Reached skill level 1 in Fire Magic
  1614 | D:2      | Reached skill level 1 in Ice Magic
  1614 | D:2      | Reached skill level 1 in Air Magic
  1614 | D:2      | Reached skill level 1 in Earth Magic
  1614 | D:2      | Reached skill level 1 in Poison Magic
  1614 | D:2      | Reached XP level 5. HP: 31/47 MP: 5/7
  2050 | D:3      | Reached XP level 6. HP: 53/53 MP: 8/8
  2227 | D:3      | Noticed Lilu's ghost (amateur DECj)
  2456 | D:3      | Found a transporter.
  2460 | D:3      | Found a transporter.
  2850 | D:4      | Found Funo Meh's Distillery.
  2858 | D:4      | Bought a potion of berserk rage for 55 gold pieces
  2858 | D:4      | Bought a potion of curing for 33 gold pieces
  2858 | D:4      | Bought a potion of invisibility for 88 gold pieces
  2903 | D:4      | Reached skill level 5 in Long Blades
  2929 | D:4      | Found a white marble altar of Elyvilon.
  3221 | D:5      | Entered Level 5 of the Dungeon
  3233 | D:4      | Reached XP level 7. HP: 51/59 MP: 10/10
  3754 | D:5      | Slain by an ogre

Vault maps used:
D:1:      dpeg_arrival_circle_labyrinth_c, minmay_heptomino_h4
D:2:      first_ration, minivault_24, nicolae_gozag_seed_capital, uniq_sigmund
D:3:      gammafunk_ghost_arena, minivault_14, minmay_misc_feat_iff
D:4:      serial_shops, nicolae_shop_statue_plus, elyvilon_altar_4
D:5:      minmay_ogre_servants, uniq_crazy_yiuf_cottage

Skill      XL: |  1  2  3  4  5  6  7 |
---------------+----------------------+-----
Invocations    | 1 2 |  2.8
Short Blades   | 1 2 |  2.5
Axes           | 1 2 |  2.5
Maces & Flails | 1 2 |  2.5
Polearms       | 1 2 |  2.5
Staves         | 1 2 |  2.5
Slings         | 1 2 |  2.5
Bows           | 1 2 |  2.5
Crossbows      | 1 2 |  2.5
Throwing       | 1 2 |  2.5
Dodging        | 1 2 |  2.5
Stealth        | 1 2 |  2.5
Unarmed Combat | 1 2 |  2.5
Spellcasting   | 1 2 |  2.5
Evocations     | 1 2 |  2.5
Conjurations   | 1 2 |  2.0
Hexes          | 1 2 |  2.0
Charms         | 1 2 |  2.0
Summonings     | 1 2 |  2.0
Necromancy     | 1 2 |  2.0
Translocations | 1 2 |  2.0
Transmutations | 1 2 |  2.0
Fire Magic     | 1 2 |  2.0
Ice Magic      | 1 2 |  2.0
Air Magic      | 1 2 |  2.0
Earth Magic    | 1 2 |  2.0
Poison Magic   | 1 2 |  2.0
Long Blades    | 5 |  5.2
Fighting       | 7 |  7.0
Armour         | 7 |  7.0
Shields        | 7 |  7.0

Action                   |  1- 3 |  4- 6 |  7- 9 || total
-------------------------+-------+-------+-------++-------
Melee: Long sword        |   105 |    13 |       ||   118
       Bite              |     7 |     5 |     2 ||    14
       Scythe            |       |    93 |    40 ||   133
  Use: Potion            |       |     1 |       ||     1
  Eat: Chunk             |     1 |     4 |     1 ||     6
       Ration            |       |     2 |       ||     2
Armor: Scale mail        |    48 |    74 |    18 ||   140
Dodge: Dodged            |    36 |    69 |    24 ||   129
Block: Shield            |    75 |     3 |       ||    78
       Rpst.: Long sword |    12 |       |       ||    12

Table legend:
 A = Non-vault XP
 B = Vault XP
 C = Vault XP percentage of total XP
 D = Non-vault monster count
 E = Vault monster count
 F = Vault count percentage of total count
                 A         B        C        D         E       F
            +---------+---------+-------+---------+---------+-------
      Total |     745 |     227 |  23.4 |      67 |       9 |  11.8
            +---------+---------+-------+---------+---------+-------
        D:1 |      30 |       3 |   9.1 |      18 |       2 |  10.0
        D:2 |      63 |     212 |  77.1 |      13 |       1 |   7.1
        D:3 |      28 |       0 |   0.0 |       8 |       0 |   0.0
        D:4 |     313 |       0 |   0.0 |      21 |       0 |   0.0
        D:5 |     311 |      12 |   3.7 |       7 |       6 |  46.2
            +---------+---------+-------+---------+---------+-------
